cohdb
Replays
Latest Replays
All Replays
Popular Replays
Top Player Replays
Match Explorer
How It Works
Community
CoH3 Stats
Reddit
Sign in to upload your games and track your stats! →
Sign in with Steam
Match 39480097
Unlisted
Match 39480097
Overview
Messages
Build Orders
End
Construct Section Command Post
Selects Canadian Shock Battlegroup
Infantry Section
Infantry Section
Infantry Section
Grenade Package
Infantry Section
Selects Attacking Spirit
Selects Canadian Shock Section
Construct Platoon Command Post
Unlock M3 Stuart Light Tanks
M3 Stuart Light Tank
Royal Engineer Section
M3 Stuart Light Tank
Light Vehicle Training
Selects Burnout
Selects Pyrotechnics
Exf
Gravey
0
0
Comments
sign in to comment!
No comments posted yet!